 Dungeon Crawl Stone Soup version 0.19-a0-1834-g6b7851e (webtiles) character file.

15436 KarmaPolice the Carver (level 12, -6/92 HPs)
             Began as a Vampire Gladiator on Oct 8, 2016.
             Was an Elder of Qazlal.
             Splashed by a brown ugly thing's acid (7 damage)
             ... on level 11 of the Dungeon.
             The game lasted 01:02:47 (26482 turns).

KarmaPolice the Carver (Vampire Gladiator)         Turns: 26482, Time: 01:02:48

Health: -6/92      AC:  3    Str: 17    XL:     12   Next: 1%
Magic:  17/17      EV: 11    Int: 11    God:    Qazlal [****..]
Gold:   708        SH:  5    Dex: 21    Spells: 0 memorised, 11 levels left

rFire  + . .     SeeInvis +     P - +5 falchion "Jurphaci" {slice, rN+ MR+ SInv}
rCold  + . .     Gourm    .     f - +1 chain mail {rF+}
rNeg   + + +     Faith    .     (no shield)
rPois  +         Spirit   .     G - +2 hat
rElec  .         Dismiss  .     a - +0 cloak {MR+}
rCorr  .         Reflect  .     x - +0 pair of gloves
MR     +++..     Harm     .     D - +1 pair of boots
Stlth  ..........               (no amulet)
                                (no ring)
                                k - +5 ring of dexterity

@: corroded, regenerating slowly, repel missiles
A: fangs 3, see invisible, unbreathing
a: Bat Form, Upheaval, Elemental Force, Renounce Religion


You were on level 11 of the Dungeon.
You worshipped Qazlal.
Qazlal was greatly pleased with you.
You were near bloodless.

You visited 1 branch of the dungeon, and saw 11 of its levels.

You collected 708 gold pieces.

Inventory:

Hand Weapons
 P - the +5 falchion "Jurphaci" (weapon) {slice, rN+ MR+ SInv}
   (You took it off an orc on level 8 of the Dungeon)

   It inflicts extra damage upon your enemies.
   It protects you from negative energy.
   It affects your resistance to hostile enchantments.
   It lets you see invisible.
Missiles
 d - 4 throwing nets (quivered)
Armour
 a - a +0 cloak of magic resistance (worn)
 f - a +1 chain mail of fire resistance (worn)
 x - a +0 pair of gloves (worn)
 D - a +1 pair of boots (worn)
 E - a +1 leather armour of cold resistance
 G - a +2 hat (worn)
Jewellery
 k - a +5 ring of dexterity (left hand)
 t - an uncursed amulet of rage
Wands
 r - a wand of confusion (26/48)
 u - a wand of polymorph (4/24)
 M - a wand of acid (0/15)
 O - a wand of paralysis (8/24)
Scrolls
 c - a scroll of enchant armour {unknown}
 h - a scroll of immolation {unknown}
 i - 5 scrolls of remove curse
 j - 4 scrolls of fear
 l - a scroll of identify
 o - a scroll of magic mapping {unknown}
 p - 3 scrolls of teleportation
 q - 2 scrolls of fog {unknown}
 w - 2 scrolls of amnesia {unknown}
 z - 2 scrolls of random uselessness {unknown}
 A - 3 scrolls of blinking {unknown}
 C - 2 scrolls of silence {unknown}
Potions
 e - 10 potions of blood
 g - 2 potions of resistance
 m - a potion of heal wounds
 n - a potion of cancellation {unknown}
 s - 7 potions of curing {unknown}
 F - 2 potions of ambrosia {unknown}
 I - a potion of flight {unknown}
 J - a potion of lignification {unknown}
 L - a potion of degeneration {unknown}
 N - a potion of brilliance {unknown}


   Skills:
 + Level 7.8 Fighting
 + Level 10.1 Long Blades
 - Level 1.5 Throwing
 + Level 8.4 Armour
 - Level 6.3 Dodging
 + Level 7.7 Invocations
 - Level 5.1 Evocations


You had 11 spell levels left.
You didn't know any spells.

Dungeon Overview and Level Annotations

Branches:
Dungeon (11/15)            Temple (0/1) D:4            Lair (0/6) D:11
    Orc (0/2) D:11

Altars:
Cheibriados
Elyvilon
Gozag
Hepliaklqana
Makhleb
Nemelex Xobeh
Qazlal
Yredelemnul
Zin

Shops:
D:6 !

Portals:
Trove: D:10 (give +6 demon whip)


Innate Abilities, Weirdness & Mutations

You heal slowly.
You have razor-sharp teeth.
You have supernaturally acute eyesight. (SInv)
You can survive without breathing.


Message History

You barely miss the brown ugly thing.
The brown ugly thing is almost dead.
The brown ugly thing completely misses you.
You hit the brown ugly thing but do no damage.
You bite the brown ugly thing, but do no damage.
The brown ugly thing is almost dead.
The brown ugly thing stings you.
You are splashed with acid!
The acid burns!
* * * LOW HITPOINT WARNING * * *
You barely miss the brown ugly thing.
The brown ugly thing is almost dead.
The brown ugly thing stings you!
* * * LOW HITPOINT WARNING * * *
You are splashed with acid!
The acid burns!
* * * LOW HITPOINT WARNING * * *
You hit the brown ugly thing but do no damage.
The brown ugly thing is almost dead.
The brown ugly thing stings you!
* * * LOW HITPOINT WARNING * * *
You are splashed with acid!
The acid burns!
You die...

.#........###......#
...###.#..# #.##.###
.......#..###.##.#
.....#.........#.#
..........######.#
..........# ###.#
.....##...####..z#
..##<........#.#u#
...............#@#
..##.##.##.#####.#
............<....#
......#.##.#####.#
...........# #.#
#######.#### #.# #
#.# ### # #.# # #.#


You could see a brown ugly thing and a wight.

Vanquished Creatures
  A hydra (D:9)
  Sonja (D:10)
  Nergalle (D:10)
  An unseen horror (D:11)
  Pikel (D:7)
  Maurice (D:10)
  A centaur skeleton (D:11)
  A komodo dragon (D:10)
  A troll (D:10)
  A slime creature (D:8)
  4 hippogriffs
  Sigmund (D:5)
  A spriggan (D:8)
  Eustachio (D:4)
  3 wraiths (D:9)
  2 hungry ghosts (D:7)
  4 wargs (D:11)
  Edmund (D:5)
  A hell hound (D:11)
  A water moccasin (D:8)
  2 hornet zombies (D:7)
  An eye of draining (D:11)
  6 ice beasts
  A sky beast (D:9)
  2 black bears
  10 orc warriors
  4 slaves
  2 necrophages
  4 ogres
  3 phantoms
  3 centaurs
  3 elf zombies (D:9)
  Blork the orc (D:4)
  10 bullfrogs
  2 wyvern zombies
  A wyvern skeleton (D:9)
  12 killer bees
  6 scorpions
  6 wights
  4 howler monkeys
  5 crimson imps
  4 centaur zombies
  5 hounds
  2 quasits
  A human zombie (D:9)
  3 bullfrog skeletons
  Crazy Yiuf (D:5)
  3 bullfrog zombies
  11 orc priests
  5 iguanas
  A human skeleton (D:9)
  Ijyb (D:2)
  Terence (D:2)
  10 orc wizards
  11 worker ants
  15 adders
  10 gnolls
  3 shadow imps
  An ooze (D:3)
  An adder skeleton (D:8)
  3 dart slugs
  12 leopard geckos
  70 orcs
  6 giant cockroaches
  9 goblins
  3 hobgoblins
  10 jackals
  17 kobolds
  11 quokkas
  A ball python (D:1)
  7 bats
  5 frilled lizards
  A jackal skeleton (D:7)
  2 leopard gecko skeletons
  A leopard gecko zombie (D:9)
  A quokka zombie (D:5)
  7 rats
372 creatures vanquished.

Vanquished Creatures (collateral kills)
  The ghost of George the Geomancer, a novice DDEE of Makhleb (D:8)
  A troll (D:9)
2 creatures vanquished.

Vanquished Creatures (others)
  A bat (D:2)
1 creature vanquished.

Grand Total: 375 creatures vanquished

Notes
Turn   | Place    | Note
-------+----------+-------------------------------------------
     0 | D:1      | KarmaPolice the Vampire Gladiator began the quest for the Orb.
     0 | D:1      | Reached XP level 1. HP: 16/16 MP: 1/1
   357 | D:1      | Reached XP level 2. HP: 22/22 MP: 2/2
   706 | D:1      | Reached skill level 1 in Armour
   895 | D:1      | Reached XP level 3. HP: 22/27 MP: 3/3
  1178 | D:2      | Noticed Ijyb
  1179 | D:2      | Noticed Terence
  1185 | D:2      | Killed Ijyb
  1198 | D:2      | Killed Terence
  1198 | D:2      | Reached XP level 4. HP: 28/34 MP: 4/4
  1288 | D:2      | Found a glowing silver altar of Zin.
  1321 | D:2      | Found a stormy altar of Qazlal.
  1329 | D:2      | Became a worshipper of Qazlal Stormbringer
  2551 | D:3      | Reached XP level 5. HP: 39/39 MP: 5/5
  2993 | D:3      | Reached * piety under Qazlal
  3002 | D:3      | Found an opulent altar of Gozag.
  3282 | D:4      | Reached skill level 4 in Long Blades
  3606 | D:4      | Noticed Blork the orc
  3606 | D:4      | Noticed Eustachio
  3795 | D:4      | Found a staircase to the Ecumenical Temple.
  3813 | D:4      | Found a hazy altar of Hepliaklqana.
  3828 | D:4      | You fall through a shaft for 2 floors!
  3841 | D:6      | Noticed a phantom
  3947 | D:6      | Found a burning altar of Makhleb.
  3967 | D:5      | Entered Level 5 of the Dungeon
  4098 | D:5      | Noticed an orc warrior
  4107 | D:5      | Found a white marble altar of Elyvilon.
  4290 | D:4      | Reached XP level 6. HP: 40/47 MP: 6/6
  4881 | D:4      | Killed Eustachio
  4881 | D:4      | Reached skill level 5 in Dodging
  4881 | D:4      | Reached XP level 7. HP: 28/53 MP: 7/7
  5376 | D:4      | Killed Blork the orc
  5579 | D:5      | Reached skill level 5 in Long Blades
  5717 | D:5      | Noticed Sigmund
  6351 | D:5      | Reached ** piety under Qazlal
  6548 | D:5      | Killed Sigmund
  6548 | D:5      | Reached XP level 8. HP: 11/61 MP: 8/8
  7231 | D:5      | Noticed Edmund
  7244 | D:5      | Killed Edmund
  7244 | D:5      | Reached skill level 5 in Fighting
  7244 | D:5      | Reached skill level 1 in Invocations
  7643 | D:5      | Reached skill level 6 in Long Blades
  8222 | D:5      | Found a runed door.
  8226 | D:5      | Noticed Crazy Yiuf
  8233 | D:5      | Killed Crazy Yiuf
  9644 | D:6      | Reached XP level 9. HP: 47/69 MP: 9/11
 10158 | D:6      | Found Vugoko Ludgh's Distillery.
 10511 | D:7      | Reached skill level 5 in Armour
 10897 | D:7      | Reached *** piety under Qazlal
 10959 | D:7      | Noticed Pikel
 11186 | D:7      | Killed Pikel
 11186 | D:7      | Reached skill level 7 in Long Blades
 11963 | D:8      | Noticed George's ghost (novice DDEE)
 13285 | D:7      | Reached skill level 1 in Evocations
 14680 | D:7      | Reached XP level 10. HP: 48/77 MP: 13/13
 16990 | D:7      | Reached skill level 5 in Invocations
 17317 | D:8      | Reached skill level 8 in Long Blades
 19440 | D:9      | You fall through a shaft for 2 floors!
 19608 | D:11     | Noticed an unseen horror
 19631 | D:11     | Killed an unseen horror
 19998 | D:11     | Found a staircase to the Orcish Mines.
 20043 | D:11     | Found a staircase to the Lair.
 20324 | D:11     | Noticed a brown ugly thing
 20354 | D:10     | Entered Level 10 of the Dungeon
 20713 | D:10     | Reached XP level 11. HP: 74/83 MP: 15/15
 20817 | D:10     | Reached skill level 9 in Long Blades
 21034 | D:9      | Found a snail-covered altar of Cheibriados.
 21034 | D:9      | Found a sparkling altar of Nemelex Xobeh.
 21211 | D:9      | Found a snail-covered altar of Cheibriados.
 21299 | D:9      | Reached **** piety under Qazlal
 21444 | D:9      | Reached skill level 5 in Evocations
 22174 | D:9      | Found a basalt altar of Yredelemnul.
 22921 | D:8      | Killed George's ghost
 23319 | D:8      | Got a scorched falchion {slice}
 23687 | D:10     | Noticed a four-headed hydra
 24702 | D:10     | Found a portal to a secret trove of treasure.
 24823 | D:10     | Noticed Sonja
 24840 | D:10     | Killed Sonja
 24936 | D:10     | Noticed Nergalle
 24981 | D:9      | Identified the +5 falchion "Jurphaci" {slice, rN+ MR+ SInv} (You took it off an orc on level 8 of the Dungeon)
 25745 | D:9      | Killed an eight-headed hydra
 26044 | D:10     | Killed Nergalle
 26044 | D:10     | Reached skill level 10 in Long Blades
 26253 | D:10     | Noticed Maurice
 26296 | D:10     | Killed Maurice
 26296 | D:10     | Reached XP level 12. HP: 92/92 MP: 17/17
 26482 | D:11     | HP: 1/92 [brown ugly thing (11)]
 26482 | D:11     | Splashed by a brown ugly thing's acid

Vault maps used:
D:1:      evilmike_arrival_crescent, minmay_misc_feat_more_columns
D:2:      zin_academy, nicolae_qazlal_eye_of_the_storm, uniq_terence, uniq_iyjb
D:3:      grunt_gozag_statues
D:4:      lemuel_doored_altar, uniq_blork_the_orc, uniq_eustachio
D:5:      lemuel_crystal_altar, first_bread, uniq_sigmund,
          uniq_crazy_yiuf_cottage, uniq_edmund
D:6:      lemuel_round_altar, serial_shops, kennysheep_little_box
D:7:      uniq_pikel
D:8:      hangedman_cross_veins, the_bakery
D:9:      gammafunk_temple_overflow_statue, basic_altar, minmay_curled_crystal,
          lemuel_mausoleum_altar_yredelemnul
D:10:     kennysheep_six_static_rooms, enter_trove_0, uniq_maurice,
          uniq_nergalle, uniq_sonja
D:11:     minmay_lair_entry_lava, minmay_orc_entry_guard_dogs

Skill      XL: |  1  2  3  4  5  6  7  8  9 10 11 |
---------------+----------------------------------+-----
Fighting       | 2 3 4 5 6 7 |  7.8
Armour         | 1 2 3 4 6 7 8 |  8.4
Dodging        | 4 5 6 |  6.3
Long Blades    | 4 5 6 7 8 10 | 10.1
Invocations    | 2 4 6 7 |  7.7
Evocations     | 1 4 5 |  5.1
Throwing       | |  1.5

Action                   |  1- 3 |  4- 6 |  7- 9 | 10-12 || total
-------------------------+-------+-------+-------+-------++-------
Melee: Long sword        |    74 |   187 |   603 |   215 ||  1079
       Bite              |    10 |    30 |   121 |   122 ||   283
       Unarmed           |       |    15 |       |    18 ||    33
       Dagger            |       |       |     2 |       ||     2
       Scimitar          |       |       |       |   358 ||   358
       Falchion          |       |       |       |    90 ||    90
Invok: Elemental Force   |       |       |       |     2 ||     2
 Abil: End Transformatio |       |     4 |     6 |    34 ||    44
       Bat Form          |       |     4 |     6 |    34 ||    44
Evoke: Wand              |       |       |     1 |     6 ||     7
  Use: Scroll            |       |     4 |       |     5 ||     9
       Potion            |       |     3 |    14 |    26 ||    43
 Stab: Sleeping          |     2 |     9 |       |       ||    11
       Confused          |       |       |       |     3 ||     3
  Eat: Corpse            |     1 |     2 |     8 |     3 ||    14
Armor: Leather armour    |    27 |    57 |   113 |   128 ||   325
       Chain mail        |       |       |       |    41 ||    41
Dodge: Dodged            |    53 |   159 |   477 |   475 ||  1164
       Deflected         |       |       |       |     6 ||     6
Block: Other             |       |     5 |    75 |   140 ||   220
       Rpst.: Long sword |    14 |    41 |   148 |    51 ||   254
       Scimitar          |       |       |       |    55 ||    55
       Falchion          |       |       |       |     8 ||     8
